 Dungeon Crawl Stone Soup version 0.31-a0-232-gb1c03b2570 (webtiles) character file.

Game seed: 8431736669611012776

107 qw the Shooter (level 4, 0/37 HPs)
             Began as a Minotaur Hexslinger on July 7, 2023.
             Succumbed to a scorpion's poison
             ... on level 4 of the Dungeon.
             The game lasted 00:00:54 (2673 turns).

qw the Shooter (Minotaur Hexslinger)                Turns: 2673, Time: 00:00:55

Health: 0/37       AC:  5    Str: 12    XL:     4   Next: 57%
Magic:  4/4        EV: 11    Int: 10    God:
Gold:   109        SH:  0    Dex: 15    Spells: 4/5 levels left

rFire   . . .        Y - +1 sling
rCold   . . .        (no shield)
rNeg    . . .        d - +0 ring mail
rPois   .            (helmet restricted)
rElec   .            (no cloak)
rCorr   .            (no gloves)
SInv    .            (no boots)
Will    .....        (no amulet)
Stlth   +            (no ring)
HPRegen 0.26/turn    (no ring)
MPRegen 0.09/turn

%: no passive effects
@: lethally poisoned (0 -> -4)
A: horns 2, retaliatory headbutt
a: no special abilities


You were on level 4 of the Dungeon.
You visited 1 branch of the dungeon, and saw 4 of its levels.

You collected 109 gold pieces.


Innate Abilities, Weirdness & Mutations

You have a pair of horns on your head.
You reflexively headbutt those who attack you in melee.


   Skills:
 - Level 2.4 Fighting
 + Level 4.7 Ranged Weapons
 - Level 1.1 Armour
 - Level 2.1 Dodging
 - Level 1.0 Spellcasting
 - Level 2.0 Hexes


You had 4 spell levels left.
You knew the following spells:

 Your Spells              Type           Power      Damage    Failure   Level
a - Slow                  Hex            16%        N/A       34%         1

Your spell library contained the following spells:

 Spells                   Type           Power      Damage    Failure   Level
 Inner Flame              Hex/Fire       2%         N/A       83%         3
 Portal Projectile        Hex/Tloc       4%         N/A       83%         3
 Cause Fear               Hex            2%         N/A       98%         4

Inventory:

Hand Weapons
 Y - a +1 sling (weapon)
Armour
 d - a +0 ring mail (worn)
Scrolls
 a - a scroll of identify
Potions
 b - a potion of haste {unknown}
 e - a potion of mutation
 h - a potion of attraction {unknown}

Dungeon Overview and Level Annotations

Branches:
Dungeon (4/15)
 Temple: D:4-7

Altars:
Qazlal


Message History

You shoot a sling bullet. The sling bullet hits the orc wizard.
The orc wizard is severely wounded.
The orc wizard barely misses you. Something hits you.
2663 ||| READING scroll of teleportation.
As you read the scroll of teleportation, it crumbles to dust.
You feel strangely unstable. The orc wizard casts a spell at you.
You are confused.
Something hits you.
The orc wizard hits you but does no damage.
Something hits you.
Your surroundings suddenly seem different.
An endoplasm and a scorpion come into view.
Found a fizzy pink potion, a robe and 16 gold pieces.
The endoplasm quivers.
Autopickup is now on.
Enter note:
Enter note:
Enter note: You feel less confused.
The scorpion misses you.
You shoot a sling bullet.
The sling bullet hits the scorpion but does no damage.
The endoplasm hits you but does no damage.
The scorpion completely misses you.
You shoot a sling bullet.
The sling bullet barely misses the scorpion.
The endoplasm closely misses you.
The scorpion stings you but does no damage.
The endoplasm hits you. The scorpion stings you.
You are lethally poisoned!
The scorpion poisons you!
You shoot a sling bullet. The sling bullet hits the scorpion.
The scorpion is lightly wounded.
You feel very sick. The scorpion barely misses you.
The endoplasm hits you but does no damage.
You shoot a sling bullet. The sling bullet hits the scorpion.
The scorpion is heavily wounded.
You die...

##..........
#.....>.....
#....>......
#...........
#....)......
#...........
#...........
##########..........
#..@.....##.....#...
#..Js....########..#
#........# #[##
#........# #.#
#...!...[# #.#
#........# #.#
#.........$ #.#
#####.####. #.# #.#


You could see a scorpion and an endoplasm.

Vanquished Creatures
  An orc wizard (D:4)
  A gnoll (D:1)
  2 adders
  2 dart slugs
  6 orcs
  4 ball pythons
  2 endoplasms
  2 giant cockroaches
  5 goblins
  4 hobgoblins
  A quokka (D:4)
  6 bats
  2 frilled lizards
  3 kobolds
  3 rats (D:1)
44 creatures vanquished.

Notes
Turn   | Place    | Note
-------+----------+-------------------------------------------
     0 | D:1      | qw the Minotaur Hexslinger began the quest for the Orb.
     0 | D:1      | Reached XP level 1. HP: 16/16 MP: 1/1
     0 | D:1      | 0 ||| qw: Version: 0.3-a-46-gb1f654a
     0 | D:1      | 0 ||| qw: Game counter: 2463
     0 | D:1      | 0 ||| qw: Melee chars always use a shield: true
     0 | D:1      | 0 ||| qw: God list: Okawaru
     0 | D:1      | 0 ||| qw: Allow faded altars: false
     0 | D:1      | 0 ||| qw: Do Orc after clearing Dungeon:15 true
     0 | D:1      | 0 ||| qw: Do second Lair branch before Depths: true
     0 | D:1      | 0 ||| qw: Lair rune preference: random
     0 | D:1      | 0 ||| qw: Goals: Normal
     0 | D:1      | 0 ||| PLANNING D:1-11
   263 | D:1      | Reached skill level 3 in Ranged Weapons
   354 | D:1      | Reached XP level 2. HP: 23/23 MP: 2/2
   610 | D:1      | 610 ||| FLEEEEING.
   611 | D:1      | 611 ||| FLEEEEING.
   612 | D:1      | 612 ||| FLEEEEING.
   613 | D:1      | 613 ||| FLEEEEING.
   614 | D:1      | 614 ||| FLEEEEING.
   615 | D:1      | 615 ||| FLEEEEING.
   616 | D:1      | 616 ||| FLEEEEING.
   865 | D:1      | 865 ||| DROPPING ring of magical power.
   866 | D:1      | 866 ||| READING 2 scrolls labelled NOUMIU UFEURIBE.
   867 | D:1      | 867 ||| DRINKING 2 brown potions.
   868 | D:1      | 868 ||| DRINKING 2 golden potions.
   869 | D:1      | 869 ||| DROPPING scroll of poison.
   870 | D:1      | 870 ||| DROPPING potion of brilliance.
   925 | D:2      | Reached XP level 3. HP: 30/30 MP: 3/3
  1405 | D:2      | Found a faded altar of an unknown god.
  1549 | D:2      | 1549 ||| READING scroll labelled ADYFOR ISIXEO.
  1552 | D:2      | 1552 ||| READING scroll labelled MUNLIOFEUHU.
  1553 | D:2      | 1553 ||| READING 2 scrolls of identify.
  1553 | D:2      | 1553 ||| IDENTIFYING sapphire potion
  1747 | D:3      | Found a stormy altar of Qazlal.
  1865 | D:3      | Reached skill level 4 in Ranged Weapons
  2336 | D:3      | 2336 ||| UPGRADING to +0 ring mail.
  2346 | D:3      | 2346 ||| DROPPING +0 robe.
  2347 | D:3      | 2347 ||| DRINKING 2 metallic yellow potions.
  2348 | D:3      | 2348 ||| DROPPING potion of magic.
  2412 | D:4      | Reached skill level 1 in Armour
  2412 | D:4      | Reached XP level 4. HP: 25/37 MP: 4/4
  2617 | D:4      | 2617 ||| Stepping ~*~*~tactically~*~*~ (outnumbered).
  2619 | D:4      | 2619 ||| Stepping ~*~*~tactically~*~*~ (outnumbered).
  2633 | D:4      | 2633 ||| DRINKING 4 potions of curing.
  2633 | D:4      | 2633 ||| (to cure confusion)
  2642 | D:4      | 2642 ||| DRINKING 3 potions of curing.
  2642 | D:4      | 2642 ||| (to cure confusion)
  2643 | D:4      | 2643 ||| DRINKING 2 potions of curing.
  2643 | D:4      | 2643 ||| (to cure confusion)
  2644 | D:4      | 2644 ||| DRINKING potion of curing.
  2644 | D:4      | 2644 ||| (to cure confusion)
  2659 | D:4      | HP: 9/37 [something (3)]
  2663 | D:4      | 2663 ||| READING scroll of teleportation.
  2664 | D:4      | HP: 6/37 [something (2)]
  2665 | D:4      | Noticed a scorpion
  2671 | D:4      | HP: 7/37 [endoplasm (1)]
  2672 | D:4      | HP: 1/37 [poisoned by a scorpion]
  2673 | D:4      | Succumbed to a scorpion's poison

Levels and vault maps discovered:
D:1:      zaba_arrival_water, layout_basic, minmay_curled_crystal
D:2:      layout_basic, hellmonk_ecumenical_altar_leap_of_faith,
          grunt_decor_one_mirror
D:3:      layout_basic, mainiacjoe_overflow_concentric_impassable
D:4:      layout_rooms, lemuel_zombie_altar_kikubaaqudgha,
          minmay_temple_entry_butterflies, uniq_eustachio

Skill      XL: |  1  2  3 |
---------------+----------+-----
Ranged Weapons | 3 4 |  4.7
Fighting       | 2 |  2.4
Armour         | 1 |  1.1
Dodging        | |  2.1
Spellcasting   | |  1.0
Hexes          | |  2.0

Action                     |  1- 3 |  4- 6 || total
---------------------------+-------+-------++-------
   Fire: Sling             |    93 |    58 ||   151
    Use: Potion            |     3 |     4 ||     7
         Scroll            |     4 |     1 ||     5
 Armour: Ring mail         |     2 |    48 ||    50
         Robe              |     2 |       ||     2
  Dodge: Dodged            |    20 |    21 ||    41

Table legend:
 A = Non-vault XP
 B = Vault XP
 C = Vault XP percentage of total XP
 D = Non-vault monster count
 E = Vault monster count
 F = Vault count percentage of total count
                 A         B        C        D         E       F
            +---------+---------+-------+---------+---------+-------
      Total |     154 |       0 |   0.0 |      44 |       0 |   0.0
            +---------+---------+-------+---------+---------+-------
        D:1 |      40 |       0 |   0.0 |      18 |       0 |   0.0
        D:2 |      22 |       0 |   0.0 |       5 |       0 |   0.0
        D:3 |      24 |       0 |   0.0 |      10 |       0 |   0.0
        D:4 |      68 |       0 |   0.0 |      11 |       0 |   0.0
            +---------+---------+-------+---------+---------+-------
